Map: Ruins of Seras

Players

OnkelCannabi - Winner!

  • Race: Zerg Zerg
  • League: Silver

lesha

  • Race: Terran Terran
  • League: Silver

VOD

Have the link to the VOD?

Description

Time

  • Played on: Dec. 15, 2015, 10:18 a.m.
  • Length: 4:53
Show
View Real Time Build Order
Export as new Build Order

OnkelCannabi Zerg - Winner!

Build Orders: Hatch First 

Get SALT Encoding   

  12  0:01  Drone  
  13  0:08  Drone  
  14  0:38  Hatchery, Drone  
  14  0:46  Overlord  
  14  1:04  Spawning Pool  
  14  1:06  Drone  
  14  1:14  Drone x2  
  16  1:26  Drone  
  16  1:30  Extractor  
  16  1:31  Drone  
  17  1:39  Drone  
  18  1:56  Zergling x2  
  19  2:02  Queen  
  19  2:05  Queen  
  23  2:22  Extractor  
  22  2:23  Drone x3  
  25  2:45  Drone x3  
  25  2:47  Overlord  
  25  2:48  Metabolic Boost  
  28  3:19  Zergling x6  
  31  3:20  Zergling x2  
  31  3:21  Zergling x4  
  31  3:26  Evolution Chamber, Lair  
  32  3:33  Zergling x2  
  32  3:34  Zergling x4  
  35  3:36  Zergling x2  
  36  3:50  Overlord  
  36  4:05  Overlord x2  
  36  4:18  Drone x2  
  36  4:21  Drone x5  
  36  4:22  Drone  
Show
View Real Time Build Order
Export as new Build Order

lesha Terran 

Build Orders: Reaper Expand 

Get SALT Encoding   

  12  0:01  SCV  
  13  0:13  SCV  
  14  0:18  Supply Depot  
  14  0:29  SCV  
  15  0:42  SCV, Barracks  
  16  0:55  SCV  
  17  1:07  SCV  
  18  1:16  Refinery  
  18  1:19  SCV  
  19  1:31  Command Center  
  19  1:53  Orbital Command  
  19  2:00  Reaper  
  20  2:20  SCV  
  21  2:23  Refinery  
  21  2:29  Barracks  
  21  2:34  Barracks  
  20  2:55  SCV  
  21  2:59  Marine  
  22  3:07  SCV  
  22  3:20  Orbital Command  
  22  3:23  SCV  
  23  3:35  SCV  
  24  3:45  Barracks Reactor  
  24  3:46  Barracks Reactor, Barracks Tech Lab  
  24  3:47  SCV  
  24  3:51  SCV  
  25  3:59  SCV  
  26  4:04  SCV  
  26  4:06  Supply Depot, Factory  
  26  4:08  Supply Depot  
  27  4:10  Supply Depot  
  27  4:11  SCV  
  27  4:13  Marauder  
  30  4:19  SCV  
  30  4:23  SCV, Bunker, Marine  
  30  4:24  Marine  
  34  4:25  Marine  
  34  4:31  SCV  
  34  4:35  SCV  
Tags
 
Add a new tag
Caveats
  • Supply blocks, unpowered buildings, or Contaminate may cause inaccurate times.
  • Supply counts are checked every 10 seconds.